 Dungeon Crawl Stone Soup version 0.30-a0-778-g2ef04afb54 (webtiles) character file.

Game seed: 5361155590850834154

30633 IdlyInterested the Basher (level 13, -35/104 HPs)
             Began as a Demonspawn Fighter on Feb 16, 2023.
             Killed from afar by a fire giant (49 damage)
             ... with a bolt of fire
             ... on level 14 of the Dungeon.
             The game lasted 00:54:23 (16817 turns).

IdlyInterested the Basher (Demonspawn Fighter)     Turns: 16817, Time: 00:54:23

Health: -35/104    AC: 23    Str: 26    XL:     13   Next: 21%
Magic:  13/13      EV: 10    Int: 11    God:
Gold:   236        SH:  0    Dex: 13    Spells: 12/12 levels left

rFire   . . .      SeeInvis .    q - +9 club (spect)
rCold   + . .      Faith    .    (no shield)
rNeg    . . .      Spirit   .    S - +8 chain mail {rC+}
rPois   .          Reflect  +    (helmet unavailable)
rElec   .          Harm     .    v - +2 cloak
rCorr   .          Rampage  .    (gloves unavailable)
Will    +....                    (no boots) Stlth
                                 y - amulet of reflection
HPRegen 0.37/turn                E - ring of willpower
MPRegen 0.13/turn                i - +6 ring of strength

@: confused, ambrosia-drunk, unable to read
A: claws 3, hooves 2, horns 3, demonic guardian 2, spiny 1, inability to read
after injury 1, MP-powered wands
a: no special abilities


You were on level 14 of the Dungeon.
You visited 2 branches of the dungeon, and saw 15 of its levels.

You collected 1197 gold pieces.
You spent 961 gold pieces at shops.

Inventory:

Hand Weapons
 q - a +9 spectral club (weapon)
 O - a +0 dire flail
Missiles
 b - a throwing net
 h - 10 poisoned darts (quivered)
 s - 13 atropa-tipped darts
 u - 12 boomerangs
 L - 3 silver javelins
 Q - 2 curare-tipped darts
Armour
 c - a +0 buckler
 v - a +2 cloak (worn)
 S - a +8 chain mail of cold resistance (worn)
 U - a +4 scale mail of fire resistance
Magical Staves
 M - a staff of air
Jewellery
 a - a ring of resist corrosion
 f - an amulet of guardian spirit
 g - a ring of poison resistance
 i - a +6 ring of strength (right claw)
 n - a ring of see invisible
 r - an amulet of magic regeneration
 y - an amulet of reflection (around neck)
 E - a ring of willpower (left claw)
 I - a ring of protection from cold
Wands
 e - a wand of paralysis (4)
 x - a wand of light (19)
 z - a wand of flame (36)
 P - a wand of digging (7)
Scrolls
 l - 2 scrolls of amnesia
 t - 3 scrolls of fog
 B - 3 scrolls of fear
 H - a scroll of enchant weapon
 J - 6 scrolls of identify
 K - 4 scrolls of magic mapping
Potions
 d - 4 potions of might
 j - 3 potions of invisibility
 k - 6 potions of flight
 m - 5 potions of brilliance
 o - 3 potions of cancellation
 p - 9 potions of curing
 w - a potion of mutation
 A - a potion of berserk rage
 C - 4 potions of heal wounds
 D - 2 potions of haste
 R - a potion of resistance
Miscellaneous
 T - a condenser vane (inert)


   Skills:
 + Level 10.3 Fighting
 - Level 14.0 Maces & Flails
 - Level 2.0 Throwing
 * Level 11.0 Armour
 - Level 4.0 Dodging
 - Level 2.0 Stealth
 - Level 2.6 Shields
 - Level 4.0 Unarmed Combat
 - Level 2.0 Air Magic
 - Level 2.0 Evocations


You had 12 spell levels left.
You didn't know any spells.
Your spell library contained the following spells:

 Spells                   Type           Power      Damage    Failure   Level
 Beastly Appendage        Tmut           0%         N/A       85%         1
 Slow                     Hex            0%         N/A       85%         1
 Wereblood                Tmut           0%         N/A       94%         2
 Confusing Touch          Hex            0%         N/A       99%         3
 Dazzling Flash           Conj/Hex       0%         N/A       99%         3
 Spider Form              Tmut/Pois      0%         N/A       99%         3
 Stone Arrow              Conj/Erth      0%         3d7       99%         3
 Vampiric Draining        Necr           0%         2d6       99%         3
 Animate Armour           Summ/Erth      0%         N/A       100%        4
 Iskenderun's Mystic Bla  Conj/Tloc      0%         2d3       100%        4
 Yara's Violent Unravell  Hex/Tmut       0%         3d3       100%        5
 Starburst                Conj/Fire      0%         6d3       100%        6
 Enfeeble                 Hex            0%         N/A       100%        7
 Lehudib's Crystal Spear  Conj/Erth      0%         10d2      100%        8


Dungeon Overview and Level Annotations

Branches:
Dungeon (14/15)            Temple (1/1) D:7            Lair (0/5) D:8
    Orc (0/2) D:11         Vaults (0/5) D:14

Altars:
Ashenzari
Cheibriados
Dithmenos
Fedhas
Gozag
Hepliaklqana
Kikubaaqudgha
Makhleb
Nemelex Xobeh
Okawaru
Qazlal
Ru
Sif Muna
Trog
Uskayaw
Vehumet
Wu Jian
Xom
Yredelemnul

Shops:
D:7 ?   D:8 *(   D:10 [


Innate Abilities, Weirdness & Mutations

You have claws for hands.
You have hoof-like feet.
You have a pair of large horns on your head.
A demonic guardian rushes to your aid.
You are partially covered in sharp spines.
You occasionally lose the ability to read scrolls when taking damage.
You expend magic power (3 MP) to strengthen your wands.


Message History

The fire giant is moderately wounded.
The fire giant hits you with a +4 great sword of flaming!!
* * * LOW HITPOINT WARNING * * *
A demonic guardian appears!
The fire giant burns you.
* * * LOW HITPOINT WARNING * * *
Your rust devil barely misses the fire giant.
You feel much better.
The storm dragon bites your soul eater but does no damage.
The storm dragon claws your soul eater but does no damage.
The storm dragon barely misses your soul eater.
The fire giant is struck by your spines.
The fire giant hits you with a +4 great sword of flaming!
* * * LOW HITPOINT WARNING * * *
The fire giant burns you.
* * * LOW HITPOINT WARNING * * *
Your rust devil hits the fire giant!
The fire giant seems to be corroded for longer.
The storm dragon bites your soul eater.
The storm dragon claws your soul eater but does no damage.
The storm dragon tramples your soul eater but does no damage.
Your soul eater hits the storm dragon!!
You swap places.
The fire giant hits you with a +4 great sword of flaming.
* * * LOW HITPOINT WARNING * * *
The fire giant burns you.
* * * LOW HITPOINT WARNING * * *
Your rust devil hits the fire giant!
The fire giant seems to be corroded for longer.
Something bites your soul eater! Something claws your soul eater.
Something barely misses your soul eater.
Your soul eater hits the fire giant!
Your soul eater drains the fire giant.
Your rust devil hits the fire giant.
The fire giant seems to be corroded for longer.
You are confused.
You feel invigorated. Something bites your soul eater!
Something claws your soul eater!
Something tramples your soul eater but does no damage.
The fire giant points at you and mumbles some strange words.
The bolt of fire hits you!!!
You die...

..................##.#'###.#
...............###########.#
...............#.........#.#
...............#)###.###.#.#
###......#######.#.###.#.#.#
..#......#..#..#.##[(/##.#.#
..#......#..'..#..#(.?#..#.#
..#......#..#..#.##/)$##.###
..#......##'####@#.###.#.#
..#............#C#D#.###.#
..####'##......#43.#.....#
........#......#####.#####
........#.......####...#
........+...........#..#
..##....#...........#..#
..##....#...........#..#
...#....########....+..#


You could see a fire giant (corroded, drained, ally target), a friendly soul
eater (summoned) and a friendly rust devil (summoned).

Vanquished Creatures
  Gastronok (D:8)
  A rakshasa (D:14)
  5 hydras
  2 centaur warriors (D:13)
  2 dancing weapons (D:14)
  6 two-headed ogres
  A boulder beetle (D:14)
  A deep troll earth mage (D:14)
  Lodul (D:13)
  A deep elf archer (D:14)
  A wizard (D:13)
  Pikel (D:5)
  A deep elf pyromancer (D:12)
  2 manticores
  6 ugly things
  2 cyclopes
  Joseph (D:8)
  The ghost of monoptic the Skirmisher, a novice MiHu (D:5)
  A gargoyle (D:13)
  Psyche (D:8)
  2 unseen horrors (D:11)
  3 trolls
  2 shadows
  7 yaks
  Sigmund (D:2)
  2 wyverns (D:9)
  A human (D:8)
  2 wraiths (D:12)
  Eustachio (D:5)
  A basilisk (D:12)
  2 vampire mosquitoes (D:14)
  3 steam dragons
  3 wargs (D:8)
  An acid dragon (D:8)
  A water moccasin (D:7)
  5 orc warriors
  2 sky beasts (D:6)
  2 black bears
  5 ice beasts
  9 ogres
  7 centaurs
  2 lemures (D:5)
  3 phantoms
  Blork the orc (D:6)
  4 bullfrogs
  3 kobold brigands
  2 necrophages (D:7)
  2 scorpions
  6 wights
  5 killer bees
  8 howler monkeys
  2 lava snakes (D:11)
  4 crimson imps (D:3)
  3 jellies
  4 hounds
  A human zombie (D:8)
  10 orc priests
  Crazy Yiuf (D:2)
  A gnoll bouda (D:8)
  Jessica (D:2)
  2 iguanas
  Ijyb (D:5)
  7 orc wizards
  6 gnolls
  12 adders
  A shadow imp (D:7)
  4 white imps
  An ufetubus (D:4)
  5 worms
  3 dart slugs
  21 orcs
  6 ball pythons
  12 endoplasms
  4 giant cockroaches
  10 goblins
  6 hobgoblins
  13 jackals
  14 kobolds
  3 quokkas
  6 bats
  6 frilled lizards
  A goblin skeleton (D:8)
  A jackal zombie (D:8)
  7 rats
315 creatures vanquished.

Vanquished Creatures (collateral kills)
  A boulder beetle (D:10)
  A wolf spider (D:14)
2 creatures vanquished.

Vanquished Creatures (others)
  A gnoll (D:8)
  A plant (D:8)
2 creatures vanquished.

Grand Total: 319 creatures vanquished

Notes
Turn   | Place    | Note
-------+----------+-------------------------------------------
     0 | D:1      | IdlyInterested the Demonspawn Fighter began the quest for
                  | the Orb.
     0 | D:1      | Reached XP level 1. HP: 18/18 MP: 1/1
    80 | D:1      | Reached skill level 2 in Maces & Flails
   157 | D:1      | Discovered your monstrous ancestry.
   157 | D:1      | Gained mutation: You have sharp fingernails. [demonic
                  | ancestry]
   157 | D:1      | Reached XP level 2. HP: 21/24 MP: 2/2
   237 | D:1      | Reached skill level 1 in Stealth
   613 | D:1      | Reached XP level 3. HP: 28/29 MP: 3/3
   761 | D:1      | Reached skill level 3 in Maces & Flails
  1099 | D:2      | Reached skill level 1 in Unarmed Combat
  1121 | D:2      | Found a runed translucent door.
  1122 | D:2      | Noticed Crazy Yiuf
  1213 | D:2      | Found an iron altar of Okawaru.
  1283 | D:2      | Noticed Jessica
  1292 | D:2      | Killed Jessica
  1293 | D:2      | Reached skill level 1 in Dodging
  1293 | D:2      | Gained mutation: You have very sharp fingernails. [demonic
                  | ancestry]
  1293 | D:2      | Reached XP level 4. HP: 8/35 MP: 0/4
  1594 | D:2      | Noticed Sigmund
  1600 | D:2      | Killed Sigmund
  1601 | D:2      | Reached skill level 5 in Maces & Flails
  1601 | D:2      | Gained mutation: You have large cloven feet. [demonic
                  | ancestry]
  1601 | D:2      | Reached XP level 5. HP: 41/41 MP: 5/5
  2125 | D:2      | Killed Crazy Yiuf
  2126 | D:2      | Gained mutation: You have claws for hands. [demonic
                  | ancestry]
  2126 | D:2      | Reached XP level 6. HP: 15/47 MP: 2/6
  2658 | D:3      | Noticed an orc warrior
  2666 | D:3      | Killed an orc warrior
  2667 | D:3      | Reached skill level 1 in Throwing
  2673 | D:3      | Reached skill level 6 in Maces & Flails
  2924 | D:3      | Found a shimmering altar of Xom.
  2930 | D:3      | Reached skill level 1 in Evocations
  3077 | D:3      | Gained mutation: A weak demonic guardian rushes to your
                  | aid. [demonic ancestry]
  3077 | D:3      | Reached XP level 7. HP: 52/52 MP: 5/7
  3739 | D:4      | Reached skill level 7 in Maces & Flails
  5276 | D:5      | Entered Level 5 of the Dungeon
  5336 | D:5      | Gained mutation: You have a pair of small horns on your
                  | head. [demonic ancestry]
  5336 | D:5      | Reached XP level 8. HP: 42/58 MP: 6/8
  5487 | D:5      | Noticed Ijyb
  5493 | D:5      | Killed Ijyb
  5538 | D:5      | Noticed Eustachio
  5552 | D:5      | Killed Eustachio
  5553 | D:5      | Reached skill level 8 in Maces & Flails
  5609 | D:5      | Noticed Pikel
  5631 | D:5      | Killed Pikel
  5632 | D:5      | Reached skill level 9 in Maces & Flails
  5869 | D:5      | Found a runed translucent door.
  5874 | D:5      | Noticed monoptic's ghost (novice MiHu)
  5915 | D:5      | Reached skill level 10 in Maces & Flails
  5973 | D:5      | Found an ornate altar of the Wu Jian Council.
  5987 | D:5      | Gained mutation: You have a pair of horns on your head.
                  | [demonic ancestry]
  5987 | D:5      | Reached XP level 9. HP: 48/64 MP: 6/9
  6122 | D:5      | Killed monoptic's ghost
  6368 | D:6      | Noticed Blork the orc
  6374 | D:6      | Killed Blork the orc
  6557 | D:6      | Reached skill level 11 in Maces & Flails
  6963 | D:7      | Found Diunaref's Magic Scroll Boutique.
  6969 | D:7      | Bought a scroll of enchant armour for 82 gold pieces
  6969 | D:7      | Bought a scroll of identify for 22 gold pieces
  6969 | D:7      | Bought a scroll of magic mapping for 82 gold pieces
  7199 | D:7      | Found a staircase to the Ecumenical Temple.
  7212 | Temple   | Entered the Ecumenical Temple
  7482 | D:7      | Gained mutation: A demonic guardian rushes to your aid.
                  | [demonic ancestry]
  7482 | D:7      | Reached XP level 10. HP: 69/73 MP: 10/10
  7628 | D:7      | Reached skill level 5 in Fighting
  7628 | D:7      | Reached skill level 12 in Maces & Flails
  7805 | D:8      | Noticed Gastronok
  7823 | D:8      | Killed Gastronok
  8087 | D:8      | Reached skill level 5 in Armour
  8091 | D:8      | Found a staircase to the Lair.
  8276 | D:8      | Found Hidualaa's Antique Weapon Shop.
  8278 | D:8      | Noticed Joseph
  8290 | D:8      | Killed Joseph
  8291 | D:8      | Reached skill level 13 in Maces & Flails
  8626 | D:8      | Found a runed translucent door.
  8627 | D:8      | Found a basalt altar of Yredelemnul.
  8729 | D:8      | Noticed Psyche
  8734 | D:8      | Killed Psyche
  8751 | D:8      | Gained mutation: You expend magic power (3 MP) to
                  | strengthen your wands. [potion of mutation]
  8751 | D:8      | Gained mutation: You have hoof-like feet. [potion of
                  | mutation]
  8751 | D:8      | Gained mutation: You occasionally lose the ability to read
                  | scrolls when taking damage. [potion of mutation]
  8768 | D:8      | Found Maklen's Assorted Antiques.
  8774 | D:8      | Bought a scroll labelled NUMUNAOM HYHA for 32 gold pieces
  8875 | D:8      | Bought a potion of curing for 96 gold pieces
  9275 | D:9      | Gained mutation: You are partially covered in sharp spines.
                  | [demonic ancestry]
  9275 | D:9      | Reached XP level 11. HP: 74/81 MP: 11/11
  9775 | D:10     | Entered Level 10 of the Dungeon
  9936 | D:10     | Found Yxontuxa's Antique Armour Emporium.
  9974 | D:10     | Noticed a two-headed ogre
  9988 | D:10     | Killed a two-headed ogre
 10044 | D:10     | Reached skill level 14 in Maces & Flails
 10168 | D:10     | Noticed a four-headed hydra
 10176 | D:10     | Killed a four-headed hydra
 10199 | D:10     | Noticed a white ugly thing
 10206 | D:10     | Killed a white ugly thing
 10568 | D:10     | Found a sacrificial altar of Ru.
 10614 | D:10     | Noticed a boulder beetle
 10628 | D:10     | Killed a boulder beetle
 11062 | D:10     | Bought a dazzling chain mail for 256 gold pieces
 11062 | D:10     | Identified the +0 chain mail of Patsetai {Dex+6} (You
                  | bought it in a shop on level 10 of the Dungeon)
 11172 | D:11     | Found a staircase to the Orcish Mines.
 11679 | D:11     | Noticed a two-headed ogre
 11683 | D:11     | Reached skill level 1 in Air Magic
 11691 | D:11     | Killed a two-headed ogre
 12034 | D:12     | Noticed a deep elf pyromancer
 12037 | D:12     | Killed a deep elf pyromancer
 12339 | D:12     | Noticed a brown ugly thing
 12345 | D:12     | Killed a brown ugly thing
 12461 | D:10     | Bought a shiny chain mail for 202 gold pieces
 12698 | D:12     | Noticed a two-headed ogre
 12705 | D:12     | Killed a two-headed ogre
 12811 | D:12     | Noticed a two-headed ogre
 12818 | D:12     | Killed a two-headed ogre
 12819 | D:12     | Reached XP level 12. HP: 92/92 MP: 12/12
 13694 | D:13     | Noticed a seven-headed hydra
 13700 | D:13     | Killed a seven-headed hydra
 13834 | D:13     | Noticed a six-headed hydra
 13842 | D:13     | Killed a six-headed hydra
 13908 | D:13     | Noticed a two-headed ogre
 13914 | D:13     | Killed a two-headed ogre
 14175 | D:13     | Noticed a five-headed hydra
 14181 | D:13     | Killed a five-headed hydra
 14236 | D:13     | Noticed Lodul
 14251 | D:13     | Killed Lodul
 14495 | D:13     | Noticed a centaur warrior
 14505 | D:13     | Killed a centaur warrior
 14512 | D:13     | Noticed a centaur warrior
 14518 | D:13     | Killed a centaur warrior
 14642 | D:13     | Noticed a two-headed ogre
 14649 | D:13     | Killed a two-headed ogre
 15038 | D:10     | Bought a shiny scale mail for 189 gold pieces
 15352 | D:14     | Noticed a boulder beetle
 15358 | D:14     | Reached skill level 10 in Armour
 15364 | D:14     | Noticed a rakshasa
 15372 | D:14     | Killed a boulder beetle
 15373 | D:14     | Reached skill level 10 in Fighting
 15373 | D:14     | Gained mutation: You have a pair of large horns on your
                  | head. [demonic ancestry]
 15373 | D:14     | Reached XP level 13. HP: 39/103 MP: 4/13
 15638 | D:14     | Found a gate to the Vaults.
 15954 | D:14     | Found a runed translucent door.
 15954 | D:14     | Noticed a fire giant
 15956 | D:14     | Noticed a storm dragon
 16817 | D:14     | Killed from afar by a fire giant

Illustrated notes

Levels and vault maps discovered:
D:1:      dpeg_arrival_tiny_d, layout_loops_ring
D:2:      layout_basic, basic_altar, uniq_crazy_yiuf_cottage, uniq_jessica,
          uniq_sigmund
D:3:      layout_basic, led_xom_imps, minmay_fountain_box, kennysheep_donut
D:4:      layout_basic, chequers_jeans, kennysheep_generic_room_12
D:5:      layout_basic, nicolae_wu_jian_wuxing_cycle,
          ebering_ghost_reflecting_pool, minmay_misc_feat_columns, uniq_pikel,
          uniq_ijyb, uniq_eustachio
D:6:      minmay_diamond_boxcup, layout_basic, grunt_ministairs_3,
          uniq_blork_the_orc
D:7:      hellmonk_ruined_rings, layout_loops_ring, minmay_temple_entry_ruins,
          nicolae_stop_n_shop_1
D:8:      layout_loops_ring, dk_yredelemnul_ordeal, erik_lair_orcish_takeover,
          serial_shops, nicolae_shop_stone, shop, uniq_psyche, uniq_gastronok,
          uniq_joseph
D:9:      layout_roguey, minmay_stone_trees_medium, grunt_ministairs_4
D:10:     layout_loops_ring, mainiacjoe_overflow_big_doors, serial_shops,
          nicolae_shop_statue_plus, minmay_bent
D:11:     layout_basic, orc_0_dummy, kennysheep_crisscross
D:12:     layout_gridville
D:13:     layout_loops_corners, minmay_holes, kennysheep_generic_room_11,
          uniq_lodul
D:14:     layout_gridville, erik_vaults_1, serial_park_gazebo
          [serial_park_minivault_5x5_1], minmay_hidden_floor
Temple:   sentei_temple_godly_chess

Skill      XL: |  1  2  3  4  5  6  7  8  9 10 11 12 13 |
---------------+----------------------------------------+-----
Maces & Flails | 2 3 5 6 7 10 11 13 14 | 14.0
Stealth        | 1 2 |  2.0
Unarmed Combat | 1 2 3 4 |  4.0
Dodging        | 1 2 3 4 |  4.0
Throwing       | 1 2 |  2.0
Evocations     | 1 2 |  2.0
Armour         | 3 4 5 7 10 11 | 11.0
Fighting       | 4 6 8 10 | 10.3
Air Magic      | 2 |  2.0
Shields        | |  2.6

Action                     |  1- 3 |  4- 6 |  7- 9 | 10-12 | 13-15 || total
---------------------------+-------+-------+-------+-------+-------++-------
  Melee: Flail             |   150 |       |       |       |       ||   150
         Punch             |     3 |       |     2 |    12 |     1 ||    18
         Club              |       |    71 |   190 |   333 |    41 ||   635
         Kick              |       |    11 |    52 |   110 |    15 ||   188
         Headbutt          |       |       |    31 |    80 |    13 ||   124
  Throw: Dart              |       |       |     5 |    44 |     4 ||    53
         Boomerang         |       |       |       |     1 |       ||     1
  Evoke: Wand              |       |       |       |     1 |       ||     1
         Condenser vane    |       |       |       |     1 |       ||     1
    Use: Scroll            |       |     8 |    13 |    11 |     1 ||    33
         Potion            |       |       |       |     3 |     4 ||     7
   Stab: Distracted        |       |       |     6 |     7 |       ||    13
         Invisible         |       |       |       |     2 |       ||     2
 Armour: Scale mail        |   100 |    17 |    37 |    54 |       ||   208
         Chain mail        |       |     5 |    30 |    84 |    13 ||   132
         Plate armour      |       |       |       |     1 |       ||     1
  Dodge: Dodged            |   104 |    25 |    53 |   101 |     8 ||   291
  Block: Buckler           |     5 |       |       |       |       ||     5
         Other             |       |       |       |       |     2 ||     2

Table legend: (Time is in decaauts)
 A = Elapsed time spent in this place.
 B = Non-inter-level travel time spent in this place.
 C = Inter-level travel time spent in this place.
 D = Time resting spent in this place.
 E = Time spent auto-exploring this place.
 F = Levels seen in this place.
 G = Mean time per level.
                   A        B        C        D        E       F      G
               +--------+--------+--------+--------+--------+-----+--------+
         Total |  16694 |  13636 |   3058 |   2296 |   8423 |  15 | 1112.9 |
       Dungeon |  16678 |  13620 |   3058 |   2296 |   8423 |  14 | 1191.3 |
        Temple |     15 |     15 |      0 |      0 |      0 |   1 |   15.0 |
               +--------+--------+--------+--------+--------+-----+--------+

Top non-repeatable levels by time:
     D:4: 1978 daAuts
    D:10: 1608 daAuts
    D:14: 1452 daAuts
    D:13: 1435 daAuts
     D:2: 1414 daAuts
    D:12: 1350 daAuts
     D:8: 1193 daAuts
     D:1: 1049 daAuts
    D:11: 990 daAuts
     D:3: 916 daAuts
     D:5: 859 daAuts
     D:7: 833 daAuts
     D:6: 815 daAuts
     D:9: 781 daAuts
  Temple: 15 daAuts
